 Dungeon Crawl Stone Soup version 0.19-a0-687-g35db334 (webtiles) character file.

40 Aquadorian the Cudgeler (level 3, -3/29 HPs)
             Began as a Demonspawn Monk on June 18, 2016.
             Slain by a worm (11 damage)
             ... on level 2 of the Dungeon.
             The game lasted 00:06:14 (1148 turns).

Aquadorian the Cudgeler (Demonspawn Monk)           Turns: 1148, Time: 00:06:15

Health: -3/29      AC:  3    Str: 12    XL:     3   Next: 30%
Magic:  3/3        EV: 12    Int: 11    God:
Gold:   81         SH:  0    Dex: 15    Spells: 0 memorised, 2 levels left

rFire  + . .     SeeInvis .     a - +0 mace
rCold  x . .     Gourm    .     g - +0 leather armour
rNeg   . . .     Faith    .     (no shield)
rPois  .         Spirit   .     (helmet restricted)
rElec  .         Dismiss  .     (no cloak)
rCorr  .         Reflect  .     (no gloves)
SustAt .         Harm     .     (no boots)
MR     .....                    (no amulet)
Stlth  ++........               (no ring)
                                n - ring of fire

@: not resistant to hostile enchantments, unstealthy
A: antennae 1, hooves 1
a: no special abilities


You were on level 2 of the Dungeon.
You were not hungry.

You visited 1 branch of the dungeon, and saw 2 of its levels.

You collected 81 gold pieces.

Inventory:

Hand Weapons
 a - a +0 mace (weapon)
Armour
 g - a +0 leather armour (worn)
Jewellery
 n - a ring of fire (left hand)
Scrolls
 e - a scroll of recharging {unknown}
 f - a scroll of identify {unknown}
 j - 2 scrolls of teleportation {unknown}
 l - a scroll of fog {unknown}
 m - a scroll of enchant weapon {unknown}
 p - a scroll of amnesia {unknown}
 q - a scroll of enchant armour {unknown}
Potions
 d - 2 potions of flight {unknown}
 h - a potion of magic {unknown}
 i - a potion of agility {unknown}
 k - a potion of curing {unknown}
Comestibles
 b - 10 chunks of flesh
 c - 2 bread rations
 o - a beef jerky
 r - 4 fruits


   Skills:
 - Level 3.0 Fighting
 + Level 4.0 Maces & Flails
 - Level 2.6 Dodging
 - Level 1.7 Stealth


You had 2 spell levels left.
You didn't know any spells.

Dungeon Overview and Level Annotations

Branches:
Dungeon (2/15)

Altars:
Qazlal


Innate Abilities, Weirdness & Mutations

You have a pair of small antennae on your head.
You have large cloven feet.


Message History

The worm is moderately wounded.
The worm bites you.
You hit the worm. You kick the worm, but do no damage.
The worm is moderately wounded.
The worm closely misses you.
You hit the worm.
The worm is heavily wounded.
The worm bites you!
* * * LOW HITPOINT WARNING * * *
You hit the giant newt.
You kill the giant newt!
You barely miss the worm.
The worm is moderately wounded.
The worm misses you.
You hit the worm. You kick the worm, but do no damage.
The worm is moderately wounded.
You hit the worm but do no damage.
The worm is moderately wounded.
The worm bites you!
You die...

... ... ..# #.#.# #.#
..# .....#.. #.# ..#
#.#.#.# #.# ..#
#.....# #.# .(#
###.#.#######.## ##..#
...............# #...#
.####.#######..###.#.#
.# #.######....@w...#
.# #..........###.###
.# ########.รท.# #.#
.# ##..# $#. .# #....#
#. .# #.###.# ## #.
#.. .# ### #


You could see a worm.

Vanquished Creatures
  A dart slug (D:2)
  2 giant geckos (D:1)
  3 giant cockroaches
  5 goblins
  6 hobgoblins
  2 kobolds (D:1)
  A ball python (D:2)
  6 bats
  4 giant newts (D:2)
  3 rats
33 creatures vanquished.

Notes
Turn   | Place    | Note
--------------------------------------------------------------
     0 | D:1      | Aquadorian the Demonspawn Monk began the quest for the Orb.
     0 | D:1      | Reached XP level 1. HP: 18/18 MP: 1/1
   284 | D:1      | Reached skill level 3 in Maces & Flails
   378 | D:1      | Gained mutation: You have a pair of small antennae on your head. [demonic ancestry]
   378 | D:1      | Reached XP level 2. HP: 18/24 MP: 2/2
   982 | D:2      | Gained mutation: You have large cloven feet. [demonic ancestry]
   982 | D:2      | Reached XP level 3. HP: 29/29 MP: 3/3
  1038 | D:2      | Found a stormy altar of Qazlal.
  1110 | D:2      | Reached skill level 4 in Maces & Flails
  1148 | D:2      | Slain by a worm

Vault maps used:
D:1:      dpeg_arrival_tiny_c
D:2:      lemuel_crystal_altar, tso_metal_star

Skill      XL: |  1  2  3 |
---------------+----------+-----
Maces & Flails | 3 4 |  4.0
Fighting       | |  3.0
Dodging        | |  2.6
Stealth        | |  1.7

Action                   || total
-------------------------++-------
Melee: Mace              ||    94
       Kick              ||     6
 Stab: Sleeping          ||     4
  Eat: Chunk             ||     1
Armor: Leather armour    ||    17
       Robe              ||     3
Dodge: Dodged            ||    56
